 Dungeon Crawl Stone Soup version 0.21.1-1-g345015f (webtiles) character file.

84 zake1313 the Firebug (level 4, -4/30 HPs)
             Began as a Demonspawn Fire Elementalist on June 25, 2018.
             Was an Initiate of Makhleb.
             Slain by mikh4il's ghost (9 damage)
             ... on level 3 of the Dungeon.
             The game lasted 00:32:16 (3201 turns).

zake1313 the Firebug (Demonspawn Fire Elementalist) Turns: 3201, Time: 00:32:17

Health: -4/30      AC:  2    Str:  9    XL:     4   Next: 23%
Magic:  7/8        EV: 12    Int: 17    God:    Makhleb [......]
Gold:   70         SH:  0    Dex: 13    Spells: 5/8 levels left

rFire    . . .     SeeInvis .   h - +0 whip
rCold    + . .     Gourm    .   (no shield)
rNeg     . . .     Faith    .   a - +0 robe
rPois    .         Spirit   .   (no helmet)
rElec    .         Reflect  .   (no cloak)
rCorr    .         Harm     .   (no gloves)
MR       .....                  (no boots)
Stlth    ++........             (no amulet)
HPRegen  0.10/turn              (no ring)
MPRegen  0.11/turn              (no ring)

@: no status effects
A: hooves 1, cold resistance 1
a: Renounce Religion


You were on level 3 of the Dungeon.
You worshipped Makhleb.
Makhleb was noncommittal.
You were not hungry.

You visited 1 branch of the dungeon, and saw 3 of its levels.

You collected 70 gold pieces.

Inventory:

Hand Weapons
 d - a +2 dagger of pain
 h - a +0 whip (weapon)
Missiles
 i - 7 needles of confusion
Armour
 a - a +0 robe (worn)
Scrolls
 g - a scroll of identify
 k - 2 scrolls of blinking {unknown}
 m - a scroll of magic mapping {unknown}
Potions
 e - a potion of might {unknown}
 f - a potion of degeneration {unknown}
 j - 2 potions of ambrosia {unknown}
 l - a potion of cancellation {unknown}
Books
 b - a book of Flames

   Spells                             Type                      Level
   a - Flame Tongue                   Conjuration/Fire             1
   b - Throw Flame                    Conjuration/Fire             2
   c - Conjure Flame                  Conjuration/Fire             3
   d - Inner Flame                    Hexes/Fire                   3
   e - Sticky Flame                   Conjuration/Fire             4
   f - Fireball                       Conjuration/Fire             5
Comestibles
 c - a ration


   Skills:
 + Level 2.2 Dodging
 + Level 2.0 Stealth
 + Level 0.4 Unarmed Combat
 + Level 2.9 Spellcasting
 + Level 1.6 Conjurations
 + Level 3.3 Fire Magic


You had 5 spell levels left.
You knew the following spells:

 Your Spells              Type           Power        Failure   Level  Hunger
a - Flame Tongue          Conj/Fire      ##...        6%          1    #......
b - Throw Flame           Conj/Fire      ##....       10%         2    ##.....


Dungeon Overview and Level Annotations

Branches:
Dungeon (3/15)

Altars:
Makhleb
Wu Jian

Annotations:
D:3 mikh4il's ghost, amateur HOFi


Innate Abilities, Weirdness & Mutations

You have large cloven feet.
Your flesh is cold resistant. (rC+)


Message History

You eat one of the 2 rations.
That ration really hit the spot!
There is a stone staircase leading down here.
You climb downwards.
Level annotation: mikh4il's ghost, amateur HOFi Mikh4il's ghost hits you!
Mikh4il's ghost closely misses you.
There is a stone staircase leading up, spattered with blood here.
Mikh4il's ghost barely misses you.
Casting: Flame Tongue
Confirm with . or Enter, or press ? or * to list all spells.
Aiming: Flame Tongue
Press: ? - help, Shift-Dir - straight line, f - mikh4il's ghost
Aim: mikh4il's ghost The flame tongue hits mikh4il's ghost.
Mikh4il's ghost appears unharmed.
Mikh4il's ghost hits you!
* * * LOW HITPOINT WARNING * * *
Mikh4il's ghost hits you.
* * * LOW HITPOINT WARNING * * *
There is a stone staircase leading up, spattered with blood here.
Mikh4il's ghost hits you!
You die...

.# .# ##?####..
######........
##...........##
##......g._....#
#...............
#.....<.........
#.$.....@.......
#.......W.......
#...............
#..?......!$...$
##.............#
##.....#.....##
#############


You could see mikh4il's ghost and a goblin.

Vanquished Creatures
  3 adders
  3 oozes
  A worm (D:3)
  2 dart slugs (D:1)
  2 giant cockroaches (D:1)
  4 goblins (D:1)
  3 hobgoblins
  3 kobolds (D:1)
  A quokka (D:3)
  6 bats (D:1)
  3 frilled lizards
  11 rats
42 creatures vanquished.

Notes
Turn   | Place    | Note
-------+----------+-------------------------------------------
     0 | D:1      | zake1313 the Demonspawn Fire Elementalist began the quest for the Orb.
     0 | D:1      | Reached XP level 1. HP: 13/13 MP: 3/3
   153 | D:1      | Gained mutation: You have large cloven feet. [demonic ancestry]
   153 | D:1      | Reached XP level 2. HP: 4/19 MP: 0/5
   537 | D:1      | Reached skill level 3 in Fire Magic
   606 | D:1      | You fall through a shaft!
   713 | D:2      | Learned a level 2 spell: Throw Flame
   952 | D:2      | Gained mutation: Your flesh is cold resistant. (rC+) [demonic ancestry]
   952 | D:2      | Reached XP level 3. HP: 19/24 MP: 6/6
  1338 | D:2      | Found a burning altar of Makhleb.
  1445 | D:2      | Became a worshipper of Makhleb the Destroyer
  2239 | D:1      | Reached XP level 4. HP: 30/30 MP: 6/8
  2964 | D:3      | Found an ornate altar of the Wu Jian Council.
  2978 | D:3      | Noticed mikh4il's ghost (amateur HOFi)
  3201 | D:3      | Slain by mikh4il's ghost

Skill      XL: |  1  2  3 |
---------------+----------+-----
Dodging        | 2 |  2.2
Fire Magic     | 3 |  3.3
Stealth        | 2 |  2.0
Unarmed Combat | |  0.4
Spellcasting   | |  2.9
Conjurations   | |  1.6

Action                   |  1- 3 |  4- 6 || total
-------------------------+-------+-------++-------
Melee: Unarmed           |     5 |       ||     5
       Whip              |    10 |    12 ||    22
       Kick              |     6 |     2 ||     8
       Dagger            |     3 |       ||     3
 Cast: Flame Tongue      |    49 |    11 ||    60
  Use: Scroll            |     2 |       ||     2
  Eat: Ration            |     2 |     1 ||     3
Armor: Robe              |     9 |     2 ||    11
Dodge: Dodged            |    21 |     6 ||    27
